 Dungeon Crawl Stone Soup version 0.31-a0-744-gbc345e7fcb (webtiles) character file.

Game seed: 2635385247077109672

53181 dohliylev the Severer (level 14, -7/135 HPs)
             Began as a Minotaur Berserker on Sept 13, 2023.
             Was a High Priest of Trog.
             Shot with an arrow by Nessos (15 damage)
             ... on level 5 of the Lair of Beasts.
             The game lasted 00:32:34 (14234 turns).

dohliylev the Severer (Minotaur Berserker)         Turns: 14234, Time: 00:32:34

Health: -7/135     AC: 29    Str: 26    XL:     14   Next: 29%
Magic:  13/13      EV: 11    Int:  7    God:    Trog [*****.]
Gold:   1032       SH:  6    Dex: 17    Spells: 13/13 levels left

rFire   . . .        G - +4 broad axe (flame)
rCold   . . .        F - +0 buckler
rNeg    + . .        L - +2 plate armour {rPois}
rPois   +            R - +1 hat
rElec   .            t - +2 cloak {Stlth+}
rCorr   .            f - +0 pair of gloves
SInv    .            (no boots)
Will    +....        K - amulet "Umethuun" {rN+ Regen+ Int+3 Stlth+} Stlth
                     e - +6 ring of dexterity
HPRegen 1.22/turn    B - +4 ring of protection
MPRegen 0.13/turn

%: no passive effects
@: lethally poisoned (-7 -> -11), about to teleport, on berserk cooldown,
slowed, very slow
A: horns 2, retaliatory headbutt
a: Renounce Religion, Berserk, Trog's Hand, Brothers in Arms


You were on level 5 of the Lair of Beasts.
You worshipped Trog.
Trog was extremely pleased with you.
You visited 3 branches of the dungeon, and saw 16 of its levels.

You collected 2012 gold pieces.
You spent 980 gold pieces at shops.

Inventory:

Hand Weapons
 G - a +4 broad axe of flaming (weapon)
Missiles
 E - 4 throwing nets
Armour
 f - a +0 pair of gloves (worn)
 t - a +2 cloak of stealth (worn)
 z - the +0 plate armour of Julio {rElec Int+5}
   (You bought it in a shop on level 2 of the Orcish Mines)

   Int+5:     It affects your intelligence (+5).
   rElec:     It insulates you from electricity.
 F - a +0 buckler (worn)
 L - a +2 plate armour of poison resistance (worn)
 R - a +1 hat (worn)
Jewellery
 e - a +6 ring of dexterity (left hand)
 h - a ring of positive energy
 i - a ring of flight
 B - a +4 ring of protection (right hand)
 K - the amulet "Umethuun" (around neck) {rN+ Regen+ Int+3 Stlth+}
   (You took it off an orc warlord on level 1 of the Orcish Mines)

   [amulet of regeneration]

   Int+3:     It affects your intelligence (+3).
   rN+:       It protects you from negative energy.
   Regen+:    It increases your rate of health regeneration.
   Stlth+:    It makes you more stealthy.
 S - a ring of protection from cold
Wands
 p - a wand of flame (37)
 s - a wand of iceblast (25)
 x - a wand of quicksilver (4)
 y - a wand of polymorph (9)
 C - a wand of paralysis (14)
 Q - a wand of digging (4)
Scrolls
 c - 7 scrolls of identify {unknown}
 g - a scroll of torment {unknown}
 j - a scroll of immolation {unknown}
 m - 3 scrolls of enchant armour {unknown}
 o - 4 scrolls of revelation {unknown}
 r - 2 scrolls of teleportation
 D - a scroll of blinking {unknown}
 H - a scroll of fear {unknown}
 I - a scroll of vulnerability {unknown}
 J - a scroll of brand weapon {unknown}
 M - a scroll of silence {unknown}
 P - a scroll of enchant weapon {unknown}
Potions
 a - 2 potions of magic {unknown}
 b - 8 potions of curing {unknown}
 d - a potion of degeneration {unknown}
 k - 3 potions of brilliance {unknown}
 l - 3 potions of haste {unknown}
 n - 6 potions of heal wounds {unknown}
 q - 2 potions of might {unknown}
 u - a potion of cancellation {unknown}
 v - 2 potions of mutation {unknown}
 w - 10 potions of ambrosia
 A - a potion of invisibility {unknown}
 N - a potion of berserk rage {unknown}
 O - a potion of resistance {unknown}
 T - a potion of enlightenment {unknown}


   Skills:
 + Level 15.3 Fighting
 + Level 18.1 Axes
 + Level 15.3 Armour
 + Level 7.4 Dodging
 - Level 2.3 Stealth
 + Level 8.2 Shields


You had 13 spell levels left.
You didn't know any spells.
Your spell library was empty.

Dungeon Overview and Level Annotations

Branches:
Dungeon (9/15)             Temple (0/1) D:7            Lair (5/5) D:8
  Swamp (0/4) Lair:2       Spider (0/4) Lair:3          Orc (2/2) D:9
    Elf (0/3) Orc:2
  Slime: Lair:4-5

Altars:
Gozag
Makhleb
Sif Muna
Vehumet
Xom
Zin

Shops:
D:1 [   Orc:2 *=:*?

Annotations:
Lair:5 Nessos


Innate Abilities, Weirdness & Mutations

You have a pair of horns on your head.
You reflexively headbutt those who attack you in melee.


Message History

The icy flash freeze hits you!
You are encased in ice.
You slice the water moccasin!! You burn the water moccasin.
You headbutt the water moccasin.
You kill the water moccasin!
Trog accepts your kill.
You slice the rime drake!! You burn the rime drake.
You kill the rime drake!
Trog accepts your kill.
You see here a water moccasin corpse.
You barely miss the komodo dragon. You headbutt the komodo dragon!
The komodo dragon is moderately wounded.
The ice encasing you melts away. The komodo dragon bites you.
Nessos shouts!
You slash the komodo dragon! You burn the komodo dragon.
You headbutt the komodo dragon.
The komodo dragon is heavily wounded.
Your skin stops crawling.
You feel less strong-willed.
Nessos shoots an arrow.
You block the arrow.
Nessos shoots an arrow.
The arrow hits you!!
* * * LOW HITPOINT WARNING * * *
The arrow burns you.
You are poisoned.
* * * LOW HITPOINT WARNING * * *
The komodo dragon bites you but does no damage.
As you read the scroll of teleportation, it crumbles to dust.
You feel strangely unstable.
You feel extremely sick.
Nessos casts a spell.
Nessos blinks!
Nessos shoots an arrow.
The arrow hits you but does no damage.
Nessos shoots an arrow.
The arrow hits you but does no damage. The komodo dragon bites you!
* * * LOW HITPOINT WARNING * * *
You hit the komodo dragon but do no damage.
Your headbutt misses the komodo dragon.
The komodo dragon is heavily wounded.
You feel very sick.
Nessos shoots an arrow.
The arrow hits you!
You die...

.#####........ .#
......... .. .#
......... #.. ..
##.....#########.#.
.. ................
.....#..........
................
.......†......#.
....c...@l......
#^..#.#.##...### .
# ##.# .#.# #.# #
#.# ... ... .....
.....


You could see Nessos (fast) and a komodo dragon.

Vanquished Creatures
  Gastronok (D:8)
  2 orc warlords (Orc:1)
  An ettin (Orc:1)
  4 hydras
  Harold (Lair:1)
  3 two-headed ogres
  Erica (D:8)
  7 orc high priests (Orc:2)
  5 death yaks (Lair:4)
  A demonic crawler (Lair:3)
  Urug (Orc:2)
  A skyshark (Lair:3)
  3 orc knights (Orc:1)
  Pikel (D:8)
  3 lindwurms
  A manticore (D:9)
  2 orc sorcerers (Orc:1)
  2 cyclopes (Orc:1)
  5 black mambas
  Jeremiah (D:8)
  4 elephants (Lair:2)
  8 cane toads
  2 rime drakes
  6 komodo dragons
  A polar bear (Lair:4)
  A queen bee (Lair:1)
  A hornet (D:6)
  Grinder (D:4)
  5 dream sheep (Lair:4)
  13 blink frogs
  Sigmund (D:3)
  2 wyverns
  Eustachio (D:4)
  41 yaks
  2 basilisks (Lair:3)
  Grum (D:8)
  A steam dragon (D:7)
  13 wargs
  11 water moccasins
  4 sky beasts
  2 ice beasts (D:6)
  22 orc warriors
  3 black bears
  9 ogres
  2 centaurs
  13 wolves
  3 lemures (D:8)
  12 bullfrogs
  A gnoll sergeant (D:8)
  5 scorpions
  10 wights
  29 killer bees
  3 electric eels (Lair:4)
  A lava snake (Lair:3)
  3 jellies
  3 hounds
  Crazy Yiuf (D:4)
  36 orc priests
  Jessica (D:3)
  4 iguanas
  7 orc wizards
  4 gnolls (D:8)
  9 adders
  A shadow imp (D:7)
  2 white imps (D:5)
  4 worms
  2 dart slugs
  68 orcs
  2 bats
  4 endoplasms
  5 giant cockroaches
  7 goblins
  6 hobgoblins
  8 jackals
  3 kobolds
  A quokka (D:1)
  7 ball pythons
  3 frilled lizards
  8 rats
479 creatures vanquished.

Vanquished Creatures (others)
  An iguana (D:7)
1 creature vanquished.

Grand Total: 480 creatures vanquished

Notes
Turn   | Place    | Note
-------+----------+-------------------------------------------
     0 | D:1      | dohliylev the Minotaur Berserker began the quest for the
                  | Orb.
     0 | D:1      | Reached XP level 1. HP: 19/19 MP: 0/0
    28 | D:1      | Reached XP level 2. HP: 27/27 MP: 1/1
    35 | D:1      | Found Icsi's Antique Armour Emporium.
   272 | D:1      | Reached skill level 4 in Axes
   374 | D:1      | Reached ** piety under Trog
   652 | D:2      | Reached XP level 3. HP: 34/34 MP: 2/2
   949 | D:2      | Found a shimmering altar of Xom.
  1245 | D:3      | Found a shimmering blue altar of Sif Muna.
  1321 | D:3      | Reached XP level 4. HP: 41/41 MP: 3/3
  1389 | D:3      | Noticed Sigmund
  1399 | D:3      | Killed Sigmund
  1400 | D:3      | Reached skill level 5 in Fighting
  1400 | D:3      | Reached skill level 5 in Axes
  1400 | D:3      | Reached skill level 1 in Stealth
  1400 | D:3      | Reached XP level 5. HP: 48/48 MP: 4/4
  1739 | D:3      | Noticed Jessica
  1747 | D:3      | Killed Jessica
  1748 | D:3      | Reached skill level 6 in Axes
  1966 | D:4      | Reached XP level 6. HP: 32/56 MP: 5/5
  2538 | D:4      | Noticed Eustachio
  2552 | D:4      | Killed Eustachio
  2553 | D:4      | Reached skill level 7 in Axes
  2553 | D:4      | Reached XP level 7. HP: 61/61 MP: 6/6
  2598 | D:4      | Noticed Grinder
  2608 | D:4      | Killed Grinder
  2729 | D:4      | Found a runed translucent door.
  2730 | D:4      | Noticed Crazy Yiuf
  2736 | D:4      | Killed Crazy Yiuf
  2975 | D:4      | Reached skill level 8 in Axes
  2975 | D:4      | Reached skill level 5 in Dodging
  3313 | D:5      | Entered Level 5 of the Dungeon
  3580 | D:5      | Reached XP level 8. HP: 70/70 MP: 7/7
  3609 | D:5      | Found a radiant altar of Vehumet.
  3686 | D:5      | Identified the ring of Siosaaso {Int+6 SInv}
  3689 | D:5      | Found a burning altar of Makhleb.
  4137 | D:6      | Reached skill level 9 in Axes
  4638 | D:6      | Noticed a hornet
  4648 | D:6      | Killed a hornet
  4649 | D:6      | Reached skill level 10 in Axes
  4826 | D:6      | Reached XP level 9. HP: 55/79 MP: 8/8
  5224 | D:7      | Found a glowing silver altar of Zin.
  5246 | D:7      | Reached skill level 5 in Armour
  5346 | D:7      | Found an opulent altar of Gozag.
  5479 | D:7      | Reached *** piety under Trog
  5489 | D:7      | Reached skill level 11 in Axes
  5548 | D:7      | Found a staircase to the Ecumenical Temple.
  6210 | D:8      | Noticed Pikel
  6210 | D:8      | Noticed Grum
  6238 | D:8      | Killed Pikel
  6239 | D:8      | Reached skill level 12 in Axes
  6240 | D:8      | Reached XP level 10. HP: 88/88 MP: 9/9
  6248 | D:8      | Killed Grum
  6251 | D:8      | Noticed Erica
  6370 | D:8      | Killed Erica
  6476 | D:8      | Found a staircase to the Lair.
  6581 | D:8      | Noticed Gastronok
  6617 | D:8      | Killed Gastronok
  6618 | D:8      | Reached skill level 13 in Axes
  6700 | D:8      | Noticed Jeremiah
  6720 | D:8      | Killed Jeremiah
  7040 | D:8      | Reached skill level 14 in Axes
  7221 | D:9      | Noticed a manticore
  7232 | D:9      | Killed a manticore
  7233 | D:9      | Reached XP level 11. HP: 97/97 MP: 10/10
  7471 | D:9      | Noticed a two-headed ogre
  7476 | D:9      | Killed a two-headed ogre
  7477 | D:9      | Reached skill level 1 in Shields
  7656 | D:9      | Reached **** piety under Trog
  7721 | D:9      | Found a staircase to the Orcish Mines.
  7940 | D:9      | Reached skill level 10 in Fighting
  7948 | D:9      | Reached skill level 10 in Armour
  8148 | Orc:1    | Entered Level 1 of the Orcish Mines
  8149 | Orc:1    | Noticed an orc knight
  8252 | Orc:1    | Killed an orc knight
  8252 | Orc:1    | Noticed an orc sorcerer
  8463 | Orc:1    | Killed an orc sorcerer
  8464 | Orc:1    | Reached skill level 15 in Axes
  8630 | Orc:1    | Noticed an orc knight
  8641 | Orc:1    | Noticed a two-headed ogre
  8653 | Orc:1    | Killed a two-headed ogre
  8668 | Orc:1    | Noticed an orc sorcerer
  8844 | Orc:1    | Noticed an orc knight
  8854 | Orc:1    | Killed an orc sorcerer
  8856 | Orc:1    | Killed an orc knight
  8858 | Orc:1    | Killed an orc knight
  8859 | Orc:1    | Noticed an orc warlord
  8978 | Orc:1    | Killed an orc warlord
  8979 | Orc:1    | Reached XP level 12. HP: 111/111 MP: 11/11
  9017 | Orc:1    | Noticed an ettin
  9025 | Orc:1    | Killed an ettin
  9066 | Orc:1    | Noticed a two-headed ogre
  9076 | Orc:1    | Killed a two-headed ogre
  9378 | Orc:1    | Identified the amulet "Umethuun" {rN+ Regen+ Int+3 Stlth+}
  9378 | Orc:1    | Noticed an orc warlord
  9407 | Orc:1    | Killed an orc warlord
  9588 | Orc:2    | Entered Level 2 of the Orcish Mines
  9588 | Orc:2    | Noticed Urug
  9602 | Orc:2    | Killed Urug
  9873 | Orc:2    | Noticed an orc high priest
  9893 | Orc:2    | Killed an orc high priest
  9912 | Orc:2    | Noticed an orc high priest
  9929 | Orc:2    | Killed an orc high priest
  9937 | Orc:2    | Noticed an orc high priest
  9951 | Orc:2    | Killed an orc high priest
  9952 | Orc:2    | Reached skill level 5 in Shields
 10045 | Orc:2    | Found Jerhej's Assorted Antiques.
 10045 | Orc:2    | Noticed an orc high priest
 10045 | Orc:2    | Noticed an orc high priest
 10054 | Orc:2    | Killed an orc high priest
 10062 | Orc:2    | Killed an orc high priest
 10085 | Orc:2    | Found Usuco's Magic Scroll Shop.
 10085 | Orc:2    | Noticed an orc high priest
 10093 | Orc:2    | Killed an orc high priest
 10286 | Orc:2    | Reached skill level 16 in Axes
 10327 | Orc:2    | Noticed an orc high priest
 10339 | Orc:2    | Killed an orc high priest
 10415 | Orc:2    | Found a staircase to the Elven Halls.
 10453 | Orc:2    | Found Yckoti's Assorted Antiques.
 10463 | Orc:2    | Bought a transparent plate armour for 980 gold pieces
 10463 | Orc:2    | Identified the +0 plate armour of Julio {rElec Int+5} (You
                  | bought it in a shop on level 2 of the Orcish Mines)
 10502 | Orc:2    | Found Emozeot's Book Shop.
 10502 | Orc:2    | Found Guurr's Jewellery Emporium.
 10696 | Lair:1   | Entered Level 1 of the Lair of Beasts
 10789 | Lair:1   | Reached XP level 13. HP: 121/122 MP: 12/12
 10813 | Lair:1   | Reached ***** piety under Trog
 11201 | Lair:1   | Noticed Harold
 11218 | Lair:1   | Killed Harold
 11317 | Lair:1   | Received a gift from Trog
 11732 | Lair:2   | Found a staircase to the Swamp.
 12458 | Lair:3   | Reached skill level 17 in Axes
 12656 | Lair:3   | Found a hole to the Spider Nest.
 13097 | Lair:4   | Reached skill level 15 in Armour
 13100 | Lair:4   | Reached XP level 14. HP: 123/133 MP: 13/13
 13154 | Lair:4   | Identified the +5 hand axe "Hiffuqask" {drain, Stlth+}
 13340 | Lair:4   | Reached skill level 15 in Fighting
 14126 | Lair:5   | Entered Level 5 of the Lair of Beasts
 14146 | Lair:5   | Reached skill level 18 in Axes
 14195 | Lair:5   | Noticed Nessos
 14234 | Lair:5   | Shot with an arrow by Nessos

Illustrated notes

Levels and vault maps discovered:
D:1:      dpeg_arrival_renting, layout_basic, serial_shops,
          nicolae_diamond_shop, nicolae_concentric_dashed_squares_wild,
          st_stairs_14
D:2:      layout_rooms, serial_rivers, chequers_serial_rivers_room_b,
          chequers_serial_rivers_micro_e, chequers_serial_rivers_small_3,
          chequers_serial_rivers_micro_a, basic_altar
D:3:      layout_basic, mainiacjoe_overflow_concentric_impassable,
          kennysheep_flooded_box, uniq_sigmund, uniq_jessica
D:4:      layout_loops_corners, gup_sewer_entry_glass, uniq_grinder,
          uniq_eustachio, uniq_crazy_yiuf_cottage
D:5:      layout_loops_ring, lemuel_coloured_pillars_altar,
          overflow_temple_1_default
D:6:      layout_basic, kennysheep_another_room, minmay_puff
D:7:      layout_basic, zin_academy, mainiacjoe_overflow_brackets,
          minmay_temple_entry_wispy, hangedman_decor_riveting
D:8:      layout_basic, dpeg_oklobed_lair, uniq_gastronok, uniq_pikel,
          uniq_jeremiah, uniq_erica, uniq_grum
D:9:      layout_loops_ring, hiddenorc1_lemuel
Lair:1:   layout_roguey [special_room_bee], ldierk_geyser, uniq_harold
Lair:2:   layout_loops_ring, swamp_mist
Lair:3:   layout_regular_city, nicolae_spider_entry_non_spiders,
          nicolae_quartered_pool_impasse, nicolae_lair_lindhole,
          grunt_megastairs_2
Lair:4:   layout_layer_cave, chequers_serial_rivers_micro_a, minivault_25,
          grunt_megastairs_4, infiniplex_staircase_pool_2, lemuel_fruit_tree,
          serial_bayou_shore_a
Lair:5:   hangedman_lair_caniforms_friends, layout_cellular_growth,
          guppyfry_lair_end_dragon, dpeg_slime_entry_enclosed,
          columned_hall_lemuel, uniq_nessos
Orc:1:    layout_caves, minmay_orc_treasury
Orc:2:    st_orc_town, layout_diamond_mine, serial_shops,
          nicolae_shop_tiny_waterfront, uniq_urug

Skill      XL: |  1  2  3  4  5  6  7  8  9 10 11 12 13 14 |
---------------+-------------------------------------------+-----
Fighting       | 4 5 6 7 8 9 11 13 14 15 | 15.3
Axes           | 4 5 6 7 8 10 12 14 15 16 17 18 | 18.1
Dodging        | 3 4 5 6 7 |  7.4
Stealth        | 1 2 |  2.3
Armour         | 4 7 9 11 13 15 | 15.3
Shields        | 3 5 8 |  8.2

Action                     |  1- 3 |  4- 6 |  7- 9 | 10-12 | 13-15 || total
---------------------------+-------+-------+-------+-------+-------++-------
  Melee: Hand axe          |    60 |    36 |   253 |   594 |   189 ||  1132
         Headbutt          |     8 |     7 |    50 |   159 |    91 ||   315
         Punch             |       |     1 |     5 |       |       ||     6
         Broad axe         |       |       |       |       |   207 ||   207
         War axe           |       |       |       |       |     8 ||     8
 Invoke: Berserk           |     1 |     5 |     6 |    14 |     3 ||    29
         Trog's Hand       |       |     4 |     3 |     9 |     1 ||    17
    Use: Scroll            |       |       |       |       |     2 ||     2
   Stab: Sleeping          |     1 |     1 |     5 |       |       ||     7
 Armour: Animal skin       |    33 |    27 |    20 |       |       ||    80
         Scale mail        |       |       |    13 |       |       ||    13
         Plate armour      |       |       |   153 |   299 |   283 ||   735
  Dodge: Dodged            |    57 |    13 |   130 |   171 |   184 ||   555
  Block: Buckler           |       |       |       |    78 |   101 ||   179

Table legend: (Time is in decaauts)
 A = Elapsed time spent in this place.
 B = Non-inter-level travel time spent in this place.
 C = Inter-level travel time spent in this place.
 D = Time resting spent in this place.
 E = Time spent auto-exploring this place.
 F = Levels seen in this place.
 G = Mean time per level.
                   A        B        C        D        E       F      G
               +--------+--------+--------+--------+--------+-----+--------+
         Total |  14117 |  13593 |    524 |   2302 |   8668 |  16 |  882.3 |
       Dungeon |   8782 |   8405 |    377 |   1806 |   5157 |   9 |  975.8 |
          Lair |   3446 |   3370 |     76 |     72 |   2530 |   5 |  689.2 |
  Orcish Mines |   1888 |   1818 |     70 |    423 |    980 |   2 |  944.0 |
               +--------+--------+--------+--------+--------+-----+--------+

Top non-repeatable levels by time:
     D:9: 1538 daAuts
     D:4: 1484 daAuts
     D:6: 1287 daAuts
  Lair:4: 1045 daAuts
   Orc:2: 1017 daAuts
     D:7: 1005 daAuts
  Lair:3: 887 daAuts
   Orc:1: 871 daAuts
     D:8: 864 daAuts
  Lair:1: 764 daAuts
     D:3: 679 daAuts
     D:5: 675 daAuts
     D:2: 643 daAuts
  Lair:2: 635 daAuts
     D:1: 604 daAuts
